 Dungeon Sprint DCSS version 0.30-a0-134-gb40fab5c76 (webtiles) character file.

Game seed: 5069343886273296068

611 iguanaiguana the Covert (level 7, -2/32 HPs)
             Began as a Spriggan Enchanter on Sept 20, 2022.
             Was an Initiate of Dithmenos.
             Slain by Sonja
             ... wielding a +1 short sword of distortion
              (11 damage)
             ... in the Dungeon (Sprint I: "Red Sonja").
             The game lasted 00:02:30 (373 turns).

iguanaiguana the Covert (Spriggan Enchanter)         Turns: 373, Time: 00:02:30

Health: -2/32      AC:  2    Str:  4    XL:     7   Next: 20%
Magic:  10/14      EV: 17    Int: 17    God:    Dithmenos [......]
Gold:   297        SH:  0    Dex: 17    Spells: 6/14 levels left

rFire   . . .      SeeInvis +    a - +1 dagger
rCold   . . .      Faith    .    (no shield)
rNeg    . . .      Spirit   .    b - +0 robe
rPois   .          Reflect  .    (helmet restricted)
rElec   .          Harm     .    (no cloak)
rCorr   .          Rampage  .    (gloves unavailable)
Will    +....      NoTele   +    (boots unavailable)
Stlth   ++++++....               (no amulet)
HPRegen 0.10/turn                (no ring)
MPRegen 0.14/turn                (no ring)

@: lethally poisoned (-2 -> -4), slowed, quick
A: very small, no large weapons, unfitting armour, see invisible, speed 3
a: Renounce Religion


You were in the Dungeon.
You worshipped Dithmenos.
Dithmenos was noncommittal.
You visited 1 branch You collected 297 gold pieces.

Inventory:

Hand Weapons
 a - a +1 dagger (weapon)
Armour
 b - a +0 robe (worn)
Magical Staves
 k - a staff of air
Wands
 h - a wand of quicksilver (2)
Scrolls
 i - a scroll of blinking {@r4}
Potions
 c - 2 potions of invisibility
 d - a potion of curing {@q1}
 e - a potion of heal wounds {@q2}
 f - a potion of haste {@q4}
 g - 2 potions of magic
 j - 2 potions of cancellation {unknown}


   Skills:
 + Level 0.1 Fighting
 - Level 10.0 Short Blades
 - Level 2.6 Dodging
 - Level 14.6 Stealth
 - Level 4.0 Spellcasting
 - Level 10.7 Hexes
 + Level 0.4 Evocations


You had 6 spell levels left.
You knew the following spells:

 Your Spells              Type           Power      Damage    Failure   Level
a - Confusing Touch       Hex            40%        N/A       1%          3
b - Ensorcelled Hibernat  Hex/Ice        42%        N/A       2%          2
c - Tukima's Dance        Hex            40%        N/A       1%          3

Your spell library contained the following spells:

 Spells                   Type           Power      Damage    Failure   Level
 Dazzling Flash           Conj/Hex       42%        N/A       5%          3


Dungeon Overview and Level Annotations

Branches:
Dungeon (1/1) Zot: 27000

Altars:
Cheibriados
Dithmenos
Elyvilon
Fedhas
Gozag
Hepliaklqana
Kikubaaqudgha
Makhleb
Nemelex Xobeh
Okawaru
Qazlal
Ru
Sif Muna
Trog
Uskayaw
Vehumet
Wu Jian
Xom
Yredelemnul
Zin
The Shining One
Jiyva
Lugonu

Shops:
D [

Annotations:
D Sonja


Innate Abilities, Weirdness & Mutations

You are very small and have problems with some larger weapons.
You are too small for most types of armour.
You have supernaturally acute eyesight. (SInv)
You cover ground extremely quickly. (Speed+++)


Message History

There is an entrance to Mopealunun's Armour Emporium here.
There is a shadowy altar of Dithmenos here.
You kneel at the altar of Dithmenos.
Dithmenos welcomes you!
You start resting.
Magic restored.
There is a sacrificial altar of Ru here.
Sonja, the Graceful Assassin comes into view.
She is wielding a +1 short sword of distortion and quivering curare-tipped darts.
Sonja shouts!
Sonja throws a curare-tipped dart.
The curare-tipped dart hits you.
You are poisoned.
You have difficulty breathing.
You feel yourself slow down.
Found 108 gold pieces.
Casting: Ensorcelled Hibernation (safe; 2% risk of failure)
Confirm with . or Enter, or press ? or * to list all spells.
Okay, then.
Casting: Ensorcelled Hibernation (safe; 2% risk of failure)
Confirm with . or Enter, or press ? or * to list all spells.
Okay, then.
Casting: Ensorcelled Hibernation (safe; 2% risk of failure)
Confirm with . or Enter, or press ? or * to list all spells.
Aiming: Ensorcelled Hibernation (safe; 2% risk of failure)
Press: ? - help, Shift-Dir - straight line, f - Sonja
Aim: Sonja, wielding a +1 short sword of distortion and quivering curare-tipped darts (chance to affect: 62%) Sonja resists with significant effort.
Sonja hits you with a +1 short sword of distortion.
* * * LOW HITPOINT WARNING * * *
Sonja hits you with a +1 short sword of distortion.
* * * LOW HITPOINT WARNING * * *
Unknown command.
Casting: Ensorcelled Hibernation (safe; 2% risk of failure)
Confirm with . or Enter, or press ? or * to list all spells.
Aiming: Ensorcelled Hibernation (safe; 2% risk of failure)
Press: ? - help, Shift-Dir - straight line, f/p - Sonja
Aim: Sonja, wielding a +1 short sword of distortion and quivering curare-tipped darts (chance to affect: 62%) Sonja resists with significant effort.
Sonja casts a spell.
Sonja blinks!
Sonja hits you with a +1 short sword of distortion!
You die...

#<.#.)'..#.)'..#__#
#..'..#.)'..#..'..+
#..#####'#####'#__#
#..####..#...#.####
#..#__####..##.#
#..#_____##'#_.+
#⌠⌠#_.∩...'..._#
####_..__##_K#+#
#_____###@# #######
#§# $.$ #$.$# ##.##
#+#


You could see Sonja.

Vanquished Creatures
  A slime creature (D)
  Sigmund (D)
  A yak (D)
  An ogre (D)
  A jelly (D)
  Ijyb (D)
6 creatures vanquished.

Notes
Turn   | Place    | Note
-------+----------+-------------------------------------------
     0 | D        | iguanaiguana the Spriggan Enchanter began the quest for the
                  | Orb.
     0 | D        | Reached XP level 1. HP: 9/9 MP: 5/5
     1 | D        | Noticed Ijyb
    10 | D        | Killed Ijyb
    11 | D        | Reached skill level 10 in Stealth
    11 | D        | Reached XP level 2. HP: 5/13 MP: 6/6
   238 | D        | Noticed an ogre
   241 | D        | Killed an ogre
   242 | D        | Reached skill level 14 in Stealth
   242 | D        | Reached XP level 3. HP: 16/16 MP: 8/8
   242 | D        | Reached XP level 4. HP: 21/21 MP: 9/9
   253 | D        | Noticed Sigmund
   256 | D        | Killed Sigmund
   257 | D        | Reached skill level 10 in Hexes
   257 | D        | Reached XP level 5. HP: 24/24 MP: 10/10
   257 | D        | Reached XP level 6. HP: 28/28 MP: 11/11
   271 | D        | Found a burning altar of Makhleb.
   271 | D        | Found a viscous altar of Jiyva.
   271 | D        | Found a shimmering altar of Xom.
   271 | D        | Found a corrupted altar of Lugonu.
   271 | D        | Noticed a slime creature
   282 | D        | Learned a level 3 spell: Confusing Touch
   285 | D        | Learned a level 2 spell: Ensorcelled Hibernation
   289 | D        | Learned a level 3 spell: Tukima's Dance
   295 | D        | Killed a slime creature
   304 | D        | Found an ornate altar of the Wu Jian Council.
   304 | D        | Found a shimmering blue altar of Sif Muna.
   306 | D        | Found a radiant altar of Vehumet.
   335 | D        | Found Mopealunun's Armour Emporium.
   335 | D        | Found an ancient bone altar of Kikubaaqudgha.
   335 | D        | Found a hazy altar of Hepliaklqana.
   335 | D        | Found a hide-covered altar of Uskayaw.
   335 | D        | Found a basalt altar of Yredelemnul.
   335 | D        | Found an opulent altar of Gozag.
   335 | D        | Found a snail-covered altar of Cheibriados.
   335 | D        | Found a sacrificial altar of Ru.
   335 | D        | Found a shadowy altar of Dithmenos.
   335 | D        | Noticed a yak
   336 | D        | Found a stormy altar of Qazlal.
   336 | D        | Found a blossoming altar of Fedhas.
   336 | D        | Found a bloodstained altar of Trog.
   336 | D        | Found an iron altar of Okawaru.
   336 | D        | Found a glowing golden altar of the Shining One.
   336 | D        | Found a glowing silver altar of Zin.
   336 | D        | Found a white marble altar of Elyvilon.
   337 | D        | Killed a yak
   338 | D        | Reached skill level 10 in Short Blades
   338 | D        | Reached XP level 7. HP: 32/32 MP: 11/14
   338 | D        | Found a sparkling altar of Nemelex Xobeh.
   344 | D        | Became a worshipper of Dithmenos the Shadowed
   370 | D        | Noticed Sonja
   373 | D        | Slain by Sonja

Illustrated notes

Levels and vault maps discovered:
D:        dungeon_sprint_1 [red_sonja_temple_1, red_sonja_temple_small_1]

Skill      XL: |  1  2  3  4  5  6 |
---------------+-------------------+-----
Stealth        | 10 14 | 14.6
Hexes          | 10 | 10.7
Short Blades   | 10 | 10.0
Spellcasting   | 4 |  4.0
Fighting       | |  0.1
Dodging        | |  2.6
Evocations     | |  0.4

Action                   |  1- 3 |  4- 6 |  7- 9 || total
-------------------------+-------+-------+-------++-------
Melee: Dagger            |     7 |     4 |       ||    11
 Cast: Ensorcelled Hiber |       |     1 |     2 ||     3
  Use: Potion            |     1 |       |       ||     1
 Stab: Sleeping          |     2 |     4 |       ||     6
Dodge: Dodged            |     3 |       |     1 ||     4

Table legend: (Time is in decaauts)
 A = Elapsed time spent in this place.
 B = Non-inter-level travel time spent in this place.
 C = Inter-level travel time spent in this place.
 D = Time resting spent in this place.
 E = Time spent auto-exploring this place.
 F = Levels seen in this place.
 G = Mean time per level.
                   A        B        C        D        E       F      G
               +--------+--------+--------+--------+--------+-----+--------+
         Total |    349 |    349 |      0 |    251 |      0 |   1 |  349.0 |
       Dungeon |    349 |    349 |      0 |    251 |      0 |   1 |  349.0 |
               +--------+--------+--------+--------+--------+-----+--------+

Top non-repeatable levels by time:
       D: 349 daAuts
